 Dungeon Crawl Stone Soup version 0.20.1-1-g8b1a95d (webtiles) character file.

1780 Irenicus the Jinx (level 8, 0/27 HPs)
             Began as a Felid Enchanter on Oct 7, 2017.
             Slain by a hippogriff (2 damage)
             ... on level 7 of the Dungeon.
             The game lasted 00:38:43 (8480 turns).

Irenicus the Jinx (Felid Enchanter)                 Turns: 8480, Time: 00:38:44

Health: 0/27       AC:  2    Str:  4    XL:     8   Next: 81%
Magic:  3/12       EV: 18    Int: 17    God:    Xom [...*..]
Gold:   484        SH:  0    Dex: 19    Spells: 4/11 levels left
                                        Lives:  0   Deaths: 2

rFire    . . .     SeeInvis +     - Unarmed
rCold    . . .     Gourm    .   (shield unavailable)
rNeg     . . .     Faith    .   (armour unavailable)
rPois    .         Spirit   .   (helmet unavailable)
rElec    .         Reflect  .   (cloak unavailable)
rCorr    .         Harm     .   (gloves unavailable)
MR       +....                  (boots unavailable)
Stlth    ++++......             o - amulet of rage
Regen    0.1/turn               n - +3 ring of intelligence
MPRegen  0.2/turn               q - ring of stealth

@: quick
A: no armour, no weapons or thrown items, stealth, claws 1, fangs 3, see
invisible, carnivore 3, dopey 1, speed 1, frail 1, shaggy fur 2, slow metabolism
1, wild magic 1, sharp paws
a: Renounce Religion, Evoke Berserk Rage


You were on level 7 of the Dungeon.
You worshipped Xom.
You were a favourite toy of Xom.
You were very full.

You visited 2 branches of the dungeon, and saw 8 of its levels.
You also visited: Sewer.

You collected 484 gold pieces.

Inventory:

Jewellery
 n - a +3 ring of intelligence (left paw)
 o - an amulet of rage (around neck)
 q - a ring of stealth (right paw)
Wands
 m - a wand of flame (40/48)
 t - a wand of acid (7/15)
Scrolls
 c - 4 scrolls of enchant armour
 e - 3 scrolls of blinking
 f - a scroll of immolation {unknown}
 g - 6 scrolls of magic mapping
 h - 5 scrolls of remove curse {unknown}
 i - 2 scrolls of enchant weapon {unknown}
 k - 7 scrolls of identify {unknown}
 l - 4 scrolls of teleportation {unknown}
 p - a scroll of random uselessness {unknown}
 r - 3 scrolls of fog {unknown}
 v - a scroll of holy word {unknown}
 y - a scroll of noise {unknown}
 z - a scroll of fear {unknown}
 B - a scroll of recharging {unknown}
Potions
 j - 2 potions of brilliance
 s - a potion of haste
 w - 5 potions of curing
 x - a potion of magic
 C - a potion of cancellation {unknown}
Books
 a - a book of Maledictions

   Spells                             Type                      Level
   a - Corona                         Hexes                        1
   b - Ensorcelled Hibernation        Hexes/Ice                    2
   c - Confuse                        Hexes                        3
   d - Tukima's Dance                 Hexes                        3
   e - Dazzling Spray                 Conjuration/Hexes            3
Comestibles
 b - 4 meat rations
 d - 3 royal jellies
 u - 2 chunks of flesh


   Skills:
 - Level 3.0 Dodging
 - Level 4.3 Stealth
 + Level 8.3 Unarmed Combat
 - Level 2.0 Spellcasting
 + Level 12.9 Hexes


You had 4 spell levels left.
You knew the following spells:

 Your Spells              Type           Power        Failure   Level  Hunger
a - Corona                Hex            ######.      1%          1    #......
b - Confuse               Hex            ######..     1%          3    ###....
c - Tukima's Dance        Hex            ######..     1%          3    ###....


Dungeon Overview and Level Annotations

Branches:
Dungeon (7/15)             Temple (1/1) D:4

Altars:
Ashenzari
Cheibriados
Dithmenos
Elyvilon
Fedhas
Gozag
Hepliaklqana
Kikubaaqudgha
Makhleb
Nemelex Xobeh
Okawaru
Qazlal
Ru
Sif Muna
Trog
Uskayaw
Vehumet
Xom
Yredelemnul
Zin

Shops:
D:5 (


Innate Abilities, Weirdness & Mutations

You cannot wear armour.
You are incapable of wielding weapons or throwing items.
Your paws allow you to move quietly. (Stealth)
You have sharp claws.
You have razor-sharp teeth.
You have supernaturally acute eyesight. (SInv)
You are carnivorous and can eat meat at any time.
You cover ground quickly.
You are covered in thick fur. (AC +2)
You have a slow metabolism.
Your sharp claws are effective at attacking unaware monsters.
You are dopey. (Int -2)
You are frail. (-10% HP)
Your spells are a little harder to cast, but a little more powerful.


Message History

The hippogriff struggles to resist.
The hippogriff barely misses you. The hippogriff pecks you.
The hippogriff claws you.
Casting: Confuse
Confirm with . or Enter, or press ? or * to list all spells.
Aiming: Confuse
Press: ? - help, Shift-Dir - straight line, f/p - hippogriff
Aim: a hippogriff (severely wounded, chance to defeat MR: 71%)
The hippogriff struggles to resist.
The hippogriff bites you!
* * * LOW HITPOINT WARNING * * *
The hippogriff pecks you.
* * * LOW HITPOINT WARNING * * *
The hippogriff claws you.
* * * LOW HITPOINT WARNING * * *
Casting: Confuse
Confirm with . or Enter, or press ? or * to list all spells.
Aiming: Confuse
Press: ? - help, Shift-Dir - straight line, f/p - hippogriff
Aim: a hippogriff (severely wounded, chance to defeat MR: 71%)
The hippogriff struggles to resist.
The hippogriff bites you.
You die...

#.######## #.. .# #........#
#.#..# #########.######.#
#.#.####
....)...#.#....#.####.......
######'#.#.#.........#
..........#.####.####.#
..........#......# #<#
..........#############
...............@H(.....
.................##....
..........>#####.# #
.........#.# .# ##+######.#
.# #.# .# #.# ## #.#


You could see a hippogriff.

Vanquished Creatures
  A two-headed ogre (D:6)
  The ghost of Frank the Slasher, a novice OpFi (D:6)
  The ghost of sasori113 the Skirmisher, an amateur DsAK of Lugonu (D:4)
  Edmund (D:6)
  A necrophage (D:5)
  2 centaurs (D:6)
  4 bullfrogs
  2 crimson imps
  A quasit (D:6)
  A hound (D:4)
  An iguana (D:5)
  An orc wizard (D:3)
  2 worker ants
  A worker ant zombie (D:5)
  3 gnolls (D:6)
  A howler monkey skeleton (D:6)
  13 adders
  3 river rats
  5 worms
  4 dart slugs
  5 leopard geckos
  8 orcs
  9 ball pythons
  5 giant cockroaches
  8 goblins
  7 hobgoblins
  13 kobolds
  7 quokkas
  6 bats
  8 frilled lizards
  A jackal skeleton (D:4)
  A leopard gecko skeleton (D:4)
  36 rats
163 creatures vanquished.

Vanquished Creatures (others)
  A ball python (Sewer)
1 creature vanquished.

Grand Total: 164 creatures vanquished

Notes
Turn   | Place    | Note
-------+----------+-------------------------------------------
     0 | D:1      | Irenicus the Felid Enchanter began the quest for the Orb.
     0 | D:1      | Reached XP level 1. HP: 7/7 MP: 4/4
   324 | D:1      | Reached XP level 2. HP: 11/11 MP: 6/6
   817 | D:3      | Found a shimmering altar of Xom.
  1356 | D:2      | Reached XP level 3. HP: 14/14 MP: 7/7
  1407 | D:2      | Learned a level 3 spell: Confuse
  2635 | D:2      | Reached skill level 5 in Hexes
  2851 | D:2      | Reached XP level 4. HP: 10/18 MP: 4/8
  3489 | D:3      | Found an opulent altar of Gozag.
  3853 | D:3      | Found a hide-covered altar of Uskayaw.
  3853 | D:3      | Found a basalt altar of Yredelemnul.
  3857 | D:3      | Found a radiant altar of Vehumet.
  4120 | D:3      | Reached XP level 5. HP: 20/21 MP: 9/9
  4226 | D:3      | Killed from afar by an orc priest
  4227 | D:3      | Reached XP level 4. HP: -1/18 MP: 1/8
  4358 | D:3      | Became a worshipper of Xom of Chaos
  4362 | D:3      | XOM: divination: detect creatures
  4485 | D:4      | XOM: divination: detect items
  4489 | D:4      | Reached skill level 6 in Hexes
  4528 | D:4      | Noticed sasori113's ghost (amateur DsAK)
  4686 | D:4      | Found a staircase to the Ecumenical Temple.
  4695 | Temple   | Entered the Ecumenical Temple
  4765 | Temple   | XOM: silly message
  4967 | D:4      | Reached XP level 5. HP: 21/21 MP: 5/9
  5034 | D:4      | Learned a level 3 spell: Tukima's Dance
  5088 | D:4      | XOM: potion effect (agility)
  5109 | D:4      | XOM: potion effect (haste)
  5136 | D:5      | Entered Level 5 of the Dungeon
  5137 | D:5      | XOM: polymorph jelly -> iguana
  5144 | D:5      | Reached skill level 7 in Hexes
  5166 | D:5      | XOM: god gift: faintly glowing swamp dragon scales {god gift}
  5395 | D:5      | Found an iron altar of Okawaru.
  5427 | D:5      | XOM: god gift: 14 gold pieces
  5478 | D:5      | Gained mutation: You are covered in thick fur. (AC +2) [Felid growth]
  5478 | D:5      | Reached XP level 6. HP: 24/24 MP: 10/10
  5568 | D:5      | Found Emishid's Weapon Emporium.
  5604 | D:5      | XOM: give mutations
  5604 | D:5      | Gained mutation: You are frail. (-10% HP) [Xom's mischief]
  5604 | D:5      | Gained mutation: Your spells are a little harder to cast, but a little more powerful. [Xom's mischief]
  5862 | D:5      | Reached skill level 5 in Unarmed Combat
  5935 | D:5      | XOM: noise
  6042 | D:4      | XOM: divination: magic mapping
  6091 | D:4      | Killed sasori113's ghost
  6091 | D:4      | Reached skill level 8 in Hexes
  6505 | D:6      | XOM: potion effect (might)
  6513 | D:6      | Reached XP level 7. HP: 10/22 MP: 7/11
  6644 | D:6      | Found a glowing drain.
  6689 | Sewer    | Entered a sewer
  6801 | Sewer    | XOM: silly message
  7057 | Sewer    | XOM: harmless Tmut miscast
  7166 | Sewer    | XOM: enchant monster (good)
  7202 | Sewer    | XOM: cloud trail
  7225 | Sewer    | Reached skill level 9 in Hexes
  7266 | Sewer    | XOM: snakes to sticks
  7438 | D:6      | Noticed Frank's ghost (novice OpFi)
  7498 | D:6      | XOM: divination: detect items
  7548 | D:5      | XOM: give mutations
  7548 | D:5      | Gained mutation: You are dopey. (Int -2) [Xom's mischief]
  7548 | D:5      | Gained mutation: Your muscles are strong. (Str +2) [Xom's mischief]
  7548 | D:5      | Lost mutation: Your muscles are strong. (Str +2) [Xom's mischief]
  7570 | D:6      | XOM: medium Conj miscast
  7634 | D:6      | Noticed a two-headed ogre
  7735 | D:6      | XOM: divination: detect items
  7742 | D:6      | XOM: cast spell 'Ring of Flames'
  7765 | D:6      | Mangled by a two-headed ogre
  7766 | D:6      | Reached XP level 6. HP: -6/19 MP: 2/10
  7828 | D:6      | XOM: noise
  8050 | D:6      | XOM: cast spell 'Ring of Flames'
  8051 | D:6      | XOM: cast spell 'Dispersal'
  8061 | D:6      | Reached XP level 7. HP: 12/24 MP: 2/11
  8117 | D:6      | XOM: potion effect (magic)
  8120 | D:6      | Reached skill level 10 in Hexes
  8123 | D:6      | XOM: potion effect (curing)
  8128 | D:6      | XOM: divination: detect items
  8132 | D:6      | Killed Frank's ghost
  8132 | D:6      | Reached skill level 11 in Hexes
  8157 | D:6      | XOM: snakes to sticks
  8180 | D:6      | XOM: confuse monster(s)
  8189 | D:6      | Killed a two-headed ogre
  8189 | D:6      | Reached skill level 12 in Hexes
  8189 | D:6      | Reached XP level 8. HP: 12/27 MP: 7/12
  8262 | D:6      | Noticed Edmund
  8281 | D:6      | XOM: potion effect (berserk rage)
  8282 | D:6      | XOM: confuse monster(s)
  8286 | D:6      | Killed Edmund
  8470 | D:7      | Noticed a hippogriff
  8480 | D:7      | Slain by a hippogriff

Skill      XL: |  1  2  3  4  5  6  7 |
---------------+----------------------+-----
Dodging        | 3 |  3.0
Unarmed Combat | 2 3 4 5 8 |  8.3
Hexes          | 5 6 7 8 12 | 12.9
Stealth        | |  4.3
Spellcasting   | |  2.0

Action                   |  1- 3 |  4- 6 |  7- 9 || total
-------------------------+-------+-------+-------++-------
Melee: Unarmed           |   155 |   189 |   145 ||   489
       Bite              |     6 |    13 |    12 ||    31
       Punch             |     3 |     2 |     5 ||    10
 Cast: Corona            |    23 |    13 |    11 ||    47
       Confuse           |    20 |    46 |    36 ||   102
  Use: Potion            |     3 |     3 |     4 ||    10
       Scroll            |       |     1 |     3 ||     4
 Stab: Sleeping          |    10 |    13 |     8 ||    31
       Distracted        |     2 |     1 |       ||     3
       Confused          |     5 |    16 |    15 ||    36
  Eat: Chunk             |     6 |    19 |    18 ||    43
Armor: Skin              |     7 |     4 |    11 ||    22
Dodge: Dodged            |   103 |   101 |    91 ||   295
